 Dungeon Crawl Stone Soup version 0.20.1-1-g8b1a95d (webtiles) character file.

338 AverageBear the Cutter (level 6, -3/36 HPs)
             Began as a Deep Elf Fighter on July 17, 2017.
             Was an Initiate of Ashenzari.
             Slain by Grinder (7 damage)
             ... on level 3 of the Dungeon.
             The game lasted 00:03:19 (2252 turns).

AverageBear the Cutter (Deep Elf Fighter)           Turns: 2252, Time: 00:03:19

Health: -3/36      AC: 12    Str: 20    XL:     6   Next: 29%
Magic:  8/8        EV:  8    Int: 13    God:    Ashenzari [......]
Gold:   135        SH:  9    Dex: 14    Spells: 5/5 levels left

rFire    + . .     SeeInvis .   a - +0 rapier
rCold    . . .     Gourm    .   c - +0 shield
rNeg     . . .     Faith    .   b - +0 scale mail
rPois    .         Spirit   .   (no helmet)
rElec    .         Reflect  .   (no cloak)
rCorr    .         Harm     .   (no gloves)
MR       .....                  j - +1 pair of boots (curse)
Stlth    ..........             (no amulet)
Regen    0.2/turn               n - +4 ring of protection
MPRegen  0.2/turn               l - ring of protection from fire

@: mighty, berserk cooldown, slowed, very slow
A: no striking features
a: Curse Item, Renounce Religion


You were on level 3 of the Dungeon.
You worshipped Ashenzari.
Ashenzari was noncommittal.
You were not hungry.

You visited 1 branch of the dungeon, and saw 3 of its levels.

You collected 135 gold pieces.

Inventory:

Hand Weapons
 a - a +0 rapier (weapon)
Armour
 b - a +0 scale mail (worn)
 c - a +0 shield (worn)
 j - a cursed +1 pair of boots (worn)
Jewellery
 l - a ring of protection from fire (right hand)
 n - a +4 ring of protection (left hand)
Scrolls
 e - a scroll of remove curse
 i - a scroll of amnesia {unknown}
 p - a scroll of identify
Potions
 k - a potion of invisibility
Comestibles
 f - a bread ration
 g - 5 chunks of flesh
 h - a royal jelly


   Skills:
 - Level 2.4 Fighting
 + Level 6.4 Short Blades
 - Level 2.4 Armour
 - Level 2.0 Dodging
 - Level 2.4 Shields


You had 5 spell levels left.
You didn't know any spells.

Dungeon Overview and Level Annotations

Branches:
Dungeon (3/15)

Altars:
Ashenzari
Dithmenos
Nemelex Xobeh

Annotations:
D:3 Grinder


Message History

Grinder is almost dead.
You feel a little less mighty now. You block Grinder's attack.
You closely miss Grinder.
Grinder is almost dead.
Grinder closely misses you. Grinder hits you.
* * * LOW HITPOINT WARNING * * *
You writhe in agony.
* * * LOW HITPOINT WARNING * * *
You barely miss Grinder.
Grinder is almost dead.
You block Grinder's attack.
Okay, then.
Press: ? - help, v - describe, . - travel
Here: Grinder (almost dead)
The floor.
Okay, then.
You feel very mighty all of a sudden. You block Grinder's attack.
Grinder hits you!
You die...

#.#####.# #.#
#.##....# #.#
#)##....## # #.#
#)##.....####.#
#.#####......_.......
#.##....####.....##.#
##.##.##.# ##....##..
+........# #(...##.#
#....@5..# #.#####.#
#........#####.### #.#
#........+.......# #.#
#........######..###.#
#..................[..
#.........######.#####
#.........# #.#
#.........# #.#
#####.....# #.#


You could see Grinder.

Vanquished Creatures
  Sigmund (D:3)
  A bullfrog (D:3)
  3 gnolls (D:2)
  3 adders (D:2)
  3 worms (D:2)
  2 dart slugs (D:1)
  3 leopard geckos
  3 giant cockroaches
  7 hobgoblins
  8 kobolds
  A ball python (D:1)
  12 bats
  7 frilled lizards
  4 goblins
  5 rats
63 creatures vanquished.

Notes
Turn   | Place    | Note
-------+----------+-------------------------------------------
     0 | D:1      | AverageBear the Deep Elf Fighter began the quest for the Orb.
     0 | D:1      | Reached XP level 1. HP: 13/13 MP: 3/3
   249 | D:1      | Reached skill level 1 in Dodging
   279 | D:1      | Reached XP level 2. HP: 14/18 MP: 4/4
  1189 | D:2      | Reached XP level 3. HP: 22/22 MP: 5/5
  1202 | D:2      | Reached skill level 3 in Short Blades
  1377 | D:2      | Found a sparkling altar of Nemelex Xobeh.
  1457 | D:2      | Found a shattered altar of Ashenzari.
  1507 | D:2      | Became a worshipper of Ashenzari the Shackled
  1745 | D:2      | Reached XP level 4. HP: 27/27 MP: 6/6
  1773 | D:2      | Reached skill level 4 in Short Blades
  2064 | D:3      | Noticed a bullfrog
  2078 | D:3      | Killed a bullfrog
  2078 | D:3      | Reached skill level 5 in Short Blades
  2078 | D:3      | Reached XP level 5. HP: 28/31 MP: 7/7
  2162 | D:3      | Found a shadowy altar of Dithmenos.
  2178 | D:3      | Noticed Sigmund
  2206 | D:3      | Killed Sigmund
  2206 | D:3      | Reached skill level 6 in Short Blades
  2206 | D:3      | Reached XP level 6. HP: 30/36 MP: 8/8
  2223 | D:3      | Noticed Grinder
  2234 | D:3      | Paralysed by Grinder for 2 turns
  2242 | D:3      | Paralysed by Grinder for 6 turns
  2252 | D:3      | Slain by Grinder

Skill      XL: |  1  2  3  4  5 |
---------------+----------------+-----
Dodging        | 2 |  2.0
Short Blades   | 3 5 6 |  6.4
Fighting       | |  2.4
Armour         | |  2.4
Shields        | |  2.4

Action                   |  1- 3 |  4- 6 || total
-------------------------+-------+-------++-------
Melee: Rapier            |   161 |   105 ||   266
Invok: Curse Item        |       |     1 ||     1
  Use: Scroll            |     3 |     1 ||     4
       Potion            |     1 |     5 ||     6
  Eat: Chunk             |     3 |     2 ||     5
Armor: Scale mail        |    74 |    38 ||   112
Dodge: Dodged            |    51 |    26 ||    77
Block: Shield            |    91 |    42 ||   133
